 Dungeon Crawl Stone Soup version 0.29.0-4-gdea44cf6ec (webtiles) character file.

Game seed: 16109910603614211146

14131 qw the Cleaver (level 12, 0/77 HPs)
             Began as a Gargoyle Berserker on Sept 8, 2022.
             Was an Elder of Trog.
             Slain by a minotaur
             ... wielding a +0 great mace
              (9 damage)
             ... in a Gauntlet.
             The game lasted 00:03:44 (11713 turns).

qw the Cleaver (Gargoyle Berserker)                Turns: 11713, Time: 00:03:45

Health: 0/77       AC: 33    Str: 26    XL:     12   Next: 13%
Magic:  12/12      EV:  7    Int:  8    God:    Trog [****..]
Gold:   147        SH: 10    Dex:  9    Spells: 11/11 levels left

rFire   . . .      SeeInvis .   b - +5 broad axe (vamp)
rCold   . . .      Faith    .   e - +0 buckler
rNeg    + . .      Spirit   .   j - +0 plate armour
rPois   inf        Reflect  +   f - +2 helmet
rElec   +          Harm     .   (no cloak)
rCorr   .          Rampage  .   g - +2 pair of gloves
Will    +....      NoTele   +   (no boots)
Stlth   ..........              m - amulet of reflection
HPRegen 0.22/turn               n - +4 ring of protection
MPRegen 0.13/turn               l - ring of willpower

@: on berserk cooldown, slowed, very slow
A: sickness immunity, AC +8, negative energy resistance 1, electricity
resistance, torment resistance 1, petrification resistance
a: Renounce Religion, Berserk, Trog's Hand, Brothers in Arms


You were in a Gauntlet.
You worshipped Trog.
Trog was greatly pleased with you.
You visited 2 branches of the dungeon, and saw 11 of its levels.
You also visited: Gauntlet.

You collected 437 gold pieces.
You spent 290 gold pieces at shops.


Innate Abilities, Weirdness & Mutations

You are immune to sickness and miasma.
Your stone body is resilient. (AC +8)
You are immune to poison.
You resist negative energy. (rN+)
You are resistant to electric shocks. (rElec)
You are resistant to unholy torment.
You are immune to petrification.


   Skills:
 - Level 10.1 Fighting
 + Level 13.0 Axes
 - Level 2.4 Throwing
 - Level 9.2 Armour
 - Level 2.0 Dodging
 - Level 6.0 Shields


You had 11 spell levels left.
You didn't know any spells.
Your spell library was empty.

Inventory:

Hand Weapons
 b - a +5 vampiric broad axe (weapon)
 q - a +0 flail of venom
Missiles
 i - 4 boomerangs (quivered)
Armour
 a - +0 fire dragon scales
 e - a +0 buckler (worn)
 f - a +2 helmet (worn)
 g - a +2 pair of gloves (worn)
 j - a +0 plate armour (worn)
Jewellery
 h - a ring of fire
 l - a ring of willpower (right hand)
 m - an amulet of reflection (around neck)
 n - a +4 ring of protection (left hand)
 Y - a ring of resist corrosion
Scrolls
 c - 3 scrolls of identify
Potions
 k - 2 potions of might
 o - 6 potions of curing

Dungeon Overview and Level Annotations

Branches:
Dungeon (9/15)             Temple (0/1) D:4            Lair (2/5) D:9
    Orc (0/2) D:9         Gauntlet (1/1)
  Swamp: Lair:2-3    Shoals: Lair:2-3     Snake: Lair:2-3    Spider: Lair:2-3

Altars:
Ashenzari
Hepliaklqana
Sif Muna
Yredelemnul

Shops:
D:8 (   D:9 ?!

Annotations:
D:8 2 transporters, qw's ghost, novice TrCA Gauntlet 10 transporters


Message History

The minotaur hits you but does no damage.
The minotaur gores you but does no damage.
You slash the minotaur!
The minotaur is moderately wounded.
You block the minotaur's attack. x2
You hit the minotaur but do no damage.
The minotaur is moderately wounded.
You hit the minotaur but do no damage.
The minotaur is moderately wounded.
The minotaur hits you but does no damage.
The minotaur gores you but does no damage.
You hit the minotaur.
The minotaur is heavily wounded.
You hit the minotaur.
You feel better.
The minotaur is heavily wounded.
The minotaur hits you with a +0 great mace.
The minotaur gores you but does no damage.
You slash the minotaur!
You feel better.
The minotaur is heavily wounded.
You are no longer berserk.
You are exhausted.
You feel yourself slow down.
The minotaur hits you with a +0 great mace!!
The minotaur gores you!
You slash the minotaur!
You feel better.
The minotaur is severely wounded.
The minotaur hits you with a +0 great mace!
The minotaur gores you!
You slice the minotaur!!
The minotaur is almost dead.
The minotaur hits you but does no damage.
The minotaur barely misses you.
Your two-headed ogre rages.
The minotaur hits you with a +0 great mace!
The minotaur gores you but does no damage.
You hit the minotaur.
You feel better.
The minotaur is almost dead.
The minotaur hits you but does no damage.
The minotaur gores you!
You die...

#8#..###########...###########.
###........#^#.......#^#.......
#~.......#.#..~¤~¤.#.#.......
##########.#########.########
8# #~...............¤# #8 ##
#8.8.8.8.8.8.8.8.8# ##
#¤...............~#
###.##O##.##.##.### #. #@##.#
.# .# #.....H...... .
#.##.##.##.## #. #. .# #. .. .
#.# '# #. # ..


You could see a minotaur (ally target) and a friendly two-headed ogre (summoned,
berserk).

Vanquished Creatures
  A fire dragon (D:9)
  4 death yaks (Lair:1)
  A fire crab (Gauntlet)
  A worldbinder (Gauntlet)
  3 black mambas
  Joseph (D:7)
  4 cane toads
  Prince Ribbit (D:6)
  Sigmund (D:6)
  5 yaks (Lair:1)
  4 fire bats (Gauntlet)
  A basilisk (Lair:1)
  3 steam dragons
  7 water moccasins
  2 sky beasts
  An orc warrior (D:7)
  2 ice beasts
  3 black bears
  8 wolves
  A boggart (Gauntlet)
  2 ogres
  2 centaurs
  3 phantoms
  A kobold brigand (D:8)
  A bullfrog (Lair:1)
  A gnoll sergeant (D:6)
  3 scorpions
  17 wights
  8 killer bees (D:8)
  2 jellies
  An electric eel (Lair:2)
  A howler monkey (D:3)
  5 hounds
  4 orc priests
  A gnoll bouda (D:7)
  Jessica (D:3)
  3 iguanas (D:5)
  4 orc wizards
  17 gnolls
  7 adders
  4 river rats (D:6)
  2 shadow imps
  2 white imps
  An ufetubus (D:4)
  5 worms
  3 dart slugs
  28 orcs
  7 ball pythons
  A bat (D:1)
  14 endoplasms
  4 giant cockroaches
  3 hobgoblins
  5 jackals
  3 quokkas
  A frilled lizard (D:2)
  7 goblins
  11 kobolds
  5 rats
244 creatures vanquished.

Vanquished Creatures (collateral kills)
  An obsidian statue (Gauntlet)
1 creature vanquished.

Vanquished Creatures (others)
  14 demonic plants (Gauntlet)
  3 fungi
  5 plants
22 creatures vanquished.

Grand Total: 267 creatures vanquished

Notes
Turn   | Place    | Note
-------+----------+-------------------------------------------
     0 | D:1      | qw the Gargoyle Berserker began the quest for the Orb.
     0 | D:1      | Reached XP level 1. HP: 14/14 MP: 1/1
     0 | D:1      | 0 ||| qw: Version: 0.1-a-112-g44dc6cd
     0 | D:1      | 0 ||| qw: Game counter: 6865
     0 | D:1      | 0 ||| qw: Always use a shield: true
     0 | D:1      | 0 ||| qw: Do Orc after D:15 true
     0 | D:1      | 0 ||| qw: Do second Lair branch before Depths: true
     0 | D:1      | 0 ||| qw: Lair rune preference: random
     0 | D:1      | 0 ||| qw: Plans: Normal
     0 | D:1      | 0 ||| PLANNING D:1-11
   169 | D:1      | 169 ||| Stepping ~*~*~tactically~*~*~ (hiding).
   275 | D:1      | Reached skill level 3 in Axes
   293 | D:1      | Found a faded altar of an unknown god.
   300 | D:1      | 300 ||| INVOKING Berserk.
   546 | D:1      | Reached XP level 2. HP: 19/19 MP: 2/2
  1044 | D:1      | 1044 ||| Stepping ~*~*~tactically~*~*~ (stealth).
  1072 | D:1      | Reached XP level 3. HP: 17/23 MP: 3/3
  1709 | D:1      | 1709 ||| UPGRADING to +0 ring mail.
  1719 | D:1      | 1719 ||| DROPPING +0 animal skin.
  1720 | D:1      | 1720 ||| UPGRADING to +2 leather armour of fire resistance.
  1730 | D:1      | 1730 ||| UPGRADING to ring of resist corrosion.
  1731 | D:1      | 1731 ||| READING 3 scrolls labelled PYISMO YTONA.
  1732 | D:1      | 1732 ||| READING scroll labelled NOUPHUERIPN.
  1733 | D:1      | 1733 ||| READING scroll labelled YCSOTA JIERPH.
  1734 | D:1      | 1734 ||| READING scroll labelled XOUTEY ZOZXEDGH.
  1752 | D:2      | 1752 ||| Stepping ~*~*~tactically~*~*~ (stealth).
  1792 | D:2      | 1792 ||| Stepping ~*~*~tactically~*~*~ (stealth).
  1793 | D:2      | 1793 ||| Stepping ~*~*~tactically~*~*~ (stealth).
  1805 | D:2      | Reached skill level 4 in Axes
  1944 | D:2      | 1944 ||| Stepping ~*~*~tactically~*~*~ (stealth).
  1991 | D:2      | 1991 ||| Stepping ~*~*~tactically~*~*~ (stealth).
  2338 | D:2      | Reached ** piety under Trog
  2397 | D:2      | 2397 ||| Stepping ~*~*~tactically~*~*~ (stealth).
  2407 | D:2      | Reached XP level 4. HP: 25/28 MP: 4/4
  2439 | D:2      | 2439 ||| DROPPING +0 club.
  2440 | D:2      | 2440 ||| Stepping ~*~*~tactically~*~*~ (stealth).
  2844 | D:2      | 2844 ||| DROPPING +0 ring mail.
  2845 | D:2      | 2845 ||| UPGRADING to +0 pair of gloves.
  2850 | D:2      | 2850 ||| UPGRADING to +0 scale mail.
  2860 | D:2      | 2860 ||| DROPPING +2 leather armour of fire resistance.
  2861 | D:2      | 2861 ||| UPGRADING to +0 chain mail.
  2871 | D:2      | 2871 ||| DROPPING +0 scale mail.
  2872 | D:2      | 2872 ||| READING 2 scrolls of enchant armour.
  2872 | D:2      | 2872 ||| ENCHANTING +0 pair of gloves.
  2873 | D:2      | 2873 ||| READING scroll of enchant armour.
  2873 | D:2      | 2873 ||| ENCHANTING +1 pair of gloves.
  2874 | D:2      | 2874 ||| READING scroll labelled JUROACAXYC.
  2874 | D:2      | Identified a scroll of acquirement
  2874 | D:2      | 2874 ||| ACQUIRING +3 broad axe of flaming
  2874 | D:2      | Acquired a +3 broad axe of flaming
  2876 | D:2      | 2876 ||| SWAPPING to +3 broad axe of flaming.
  2877 | D:2      | 2877 ||| DROPPING +0 whip.
  2878 | D:2      | 2878 ||| DROPPING +0 hand axe of protection.
  2921 | D:3      | Noticed a phantom
  2931 | D:3      | Killed a phantom
  2932 | D:3      | Reached skill level 5 in Axes
  2932 | D:3      | Reached XP level 5. HP: 27/32 MP: 5/5
  3026 | D:3      | Found a basalt altar of Yredelemnul.
  3187 | D:3      | Noticed Jessica
  3193 | D:3      | Killed Jessica
  3194 | D:3      | Reached skill level 1 in Throwing
  3330 | D:3      | 3330 ||| INVOKING Berserk.
  3341 | D:3      | Reached XP level 6. HP: 38/38 MP: 6/6
  3528 | D:3      | 3528 ||| READING scroll labelled ERUSTAWOTS.
  3529 | D:3      | 3529 ||| READING scroll labelled JIGIJI QUIMU.
  3589 | D:3      | 3589 ||| READING scroll labelled XUOWNUF KIEFIST.
  3594 | D:3      | 3594 ||| READING scroll labelled HANEKO GYOPINO.
  3595 | D:3      | 3595 ||| DRINKING 2 murky purple potions.
  3596 | D:3      | 3596 ||| DRINKING 2 fuming green potions.
  3597 | D:3      | 3597 ||| DRINKING 2 cyan potions.
  3598 | D:3      | 3598 ||| READING 2 scrolls of identify.
  3598 | D:3      | 3598 ||| IDENTIFYING fuming pink potion
  3599 | D:3      | 3599 ||| DROPPING potion of brilliance.
  3600 | D:3      | 3600 ||| DROPPING potion of magic.
  3601 | D:3      | 3601 ||| DROPPING potion of attraction.
  3624 | D:4      | 3624 ||| INVOKING Berserk.
  3634 | D:4      | 3634 ||| STAIRDANCE
  3736 | D:4      | 3736 ||| STAIRDANCE
  3739 | D:3      | Reached skill level 6 in Axes
  3752 | D:4      | 3752 ||| STAIRDANCE
  3801 | D:4      | Found a staircase to the Ecumenical Temple.
  3867 | D:4      | 3867 ||| INVOKING Berserk.
  3871 | D:4      | Reached skill level 3 in Armour
  3947 | D:4      | 3947 ||| READING scroll of brand weapon.
  3947 | D:4      | 3947 ||| BRANDING +4 broad axe of flaming.
  3965 | D:4      | 3965 ||| INVOKING Berserk.
  3968 | D:4      | Reached XP level 7. HP: 43/43 MP: 7/7
  4155 | D:4      | 4155 ||| INVOKING Berserk.
  4473 | D:4      | 4473 ||| UPGRADING to +0 buckler.
  4478 | D:4      | 4478 ||| UPGRADING to +0 plate armour.
  4488 | D:4      | 4488 ||| DROPPING +0 chain mail.
  4489 | D:4      | 4489 ||| READING scroll labelled ZEFO WI CAO.
  4490 | D:4      | 4490 ||| READING scroll labelled BADUSOS HIRHOA.
  4503 | D:5      | Entered Level 5 of the Dungeon
  4535 | D:5      | Noticed a steam dragon
  4536 | D:5      | 4536 ||| Stepping ~*~*~tactically~*~*~ (hiding).
  4541 | D:5      | 4541 ||| INVOKING Berserk.
  4544 | D:5      | Killed a steam dragon
  4616 | D:5      | 4616 ||| Stepping ~*~*~tactically~*~*~ (hiding).
  4625 | D:5      | Reached skill level 3 in Shields
  4629 | D:5      | Reached skill level 7 in Axes
  4685 | D:5      | Reached *** piety under Trog
  4689 | D:5      | Reached XP level 8. HP: 48/48 MP: 8/8
  4858 | D:5      | 4858 ||| INVOKING Berserk.
  5049 | D:5      | 5049 ||| INVOKING Berserk.
  5220 | D:5      | 5220 ||| INVOKING Berserk.
  5343 | D:5      | 5343 ||| READING scroll labelled RIDAOG KONEIDIU.
  5681 | D:5      | 5681 ||| UPGRADING to +0 helmet.
  5686 | D:5      | 5686 ||| DRINKING 2 purple potions.
  5752 | D:6      | 5752 ||| PLANNING SEWER
  5781 | D:6      | 5781 ||| Stepping ~*~*~tactically~*~*~ (stealth).
  5784 | D:6      | 5784 ||| Stepping ~*~*~tactically~*~*~ (stealth).
  5786 | D:6      | 5786 ||| Stepping ~*~*~tactically~*~*~ (stealth).
  5791 | D:6      | 5791 ||| Stepping ~*~*~tactically~*~*~ (stealth).
  5792 | D:6      | 5792 ||| Stepping ~*~*~tactically~*~*~ (stealth).
  5859 | D:6      | 5859 ||| INVOKING Berserk.
  5861 | D:6      | Reached skill level 8 in Axes
  5986 | D:6      | Noticed Prince Ribbit
  5987 | D:6      | 5987 ||| INVOKING Berserk.
  5992 | D:6      | Killed Prince Ribbit
  5993 | D:6      | Reached XP level 9. HP: 54/54 MP: 9/9
  6110 | D:6      | 6110 ||| Stepping ~*~*~tactically~*~*~ (hiding).
  6217 | D:6      | 6217 ||| Stepping ~*~*~tactically~*~*~ (stealth).
  6243 | D:6      | 6243 ||| Stepping ~*~*~tactically~*~*~ (stealth).
  6256 | D:6      | 6256 ||| Stepping ~*~*~tactically~*~*~ (stealth).
  6259 | D:6      | Reached skill level 6 in Fighting
  6368 | D:6      | 6368 ||| INVOKING Berserk.
  6487 | D:6      | 6487 ||| RIP SEWER
  6505 | D:6      | 6505 ||| PLANNING D:1-11
  6512 | D:6      | 6512 ||| INVOKING Berserk.
  6746 | D:6      | 6746 ||| Stepping ~*~*~tactically~*~*~ (hiding).
  6758 | D:6      | Reached skill level 9 in Axes
  6761 | D:6      | 6761 ||| READING scroll of enchant weapon.
  6761 | D:6      | 6761 ||| ENCHANTING +4 vampiric broad axe.
  6944 | D:6      | Reached skill level 6 in Armour
  7145 | D:6      | Noticed Sigmund
  7148 | D:6      | Found a faded altar of an unknown god.
  7149 | D:6      | 7149 ||| INVOKING Berserk.
  7150 | D:6      | Found a hazy altar of Hepliaklqana.
  7152 | D:6      | Killed Sigmund
  7259 | D:6      | 7259 ||| UPGRADING to ring of willpower.
  7260 | D:6      | 7260 ||| READING 2 scrolls of identify.
  7260 | D:6      | 7260 ||| IDENTIFYING sedimented blue potion
  7298 | D:7      | 7298 ||| PLANNING OSSUARY
  7298 | D:7      | 7298 ||| INVOKING Berserk.
  7306 | D:7      | 7306 ||| STAIRDANCE
  7350 | D:6      | 7350 ||| INVOKING Berserk.
  7454 | D:7      | Found a broken altar of Ashenzari.
  7458 | D:7      | Noticed Joseph
  7478 | D:7      | Killed Joseph
  7479 | D:7      | Reached skill level 10 in Axes
  7479 | D:7      | Reached XP level 10. HP: 58/63 MP: 10/10
  7537 | D:7      | 7537 ||| INVOKING Berserk.
  7601 | D:7      | 7601 ||| Stepping ~*~*~tactically~*~*~ (stealth).
  7602 | D:7      | 7602 ||| Stepping ~*~*~tactically~*~*~ (stealth).
  7606 | D:7      | 7606 ||| DROPPING +0 flail.
  7623 | D:7      | Identified the +1 sling "Deong" {flame, Int+3}
  7697 | D:7      | 7697 ||| Stepping ~*~*~tactically~*~*~ (hiding).
  7705 | D:7      | Reached **** piety under Trog
  7870 | D:7      | 7870 ||| RIP OSSUARY
  7871 | D:7      | 7871 ||| PLANNING D:1-11
  8228 | D:7      | 8228 ||| Stepping ~*~*~tactically~*~*~ (hiding).
  8229 | D:7      | 8229 ||| Stepping ~*~*~tactically~*~*~ (hiding).
  8236 | D:7      | 8236 ||| INVOKING Berserk.
  8391 | D:7      | 8391 ||| READING 2 scrolls labelled FAULUA PUSIYJ.
  8392 | D:7      | 8392 ||| READING scroll labelled FEUTENT YSOUN.
  8393 | D:7      | 8393 ||| READING scroll labelled MOIBEH INOOD.
  8394 | D:7      | 8394 ||| READING scroll labelled WOAGUM MULU.
  8495 | D:7      | 8495 ||| READING 3 scrolls of identify.
  8495 | D:7      | 8495 ||| IDENTIFYING coppery potion
  8496 | D:7      | 8496 ||| DROPPING scroll of magic mapping.
  8497 | D:7      | 8497 ||| DROPPING potion of degeneration.
  8557 | D:8      | Identified the +0 scale mail of the Minstrel {rC+ SInv}
  8672 | D:8      | You fall into a shaft and drop 1 floor!
  8736 | D:9      | Found a staircase to the Orcish Mines.
  8743 | D:9      | Found Foloicw's Magic Scroll Emporium.
  8841 | D:9      | 8841 ||| BUYING scroll of enchant armour (105 gold).
  8841 | D:9      | Bought a scroll of enchant armour for 105 gold pieces
  8841 | D:9      | 8841 ||| BUYING scroll of identify (28 gold).
  8841 | D:9      | Bought a scroll of identify for 28 gold pieces
  8841 | D:9      | 8841 ||| BUYING scroll of identify (28 gold).
  8841 | D:9      | Bought a scroll of identify for 28 gold pieces
  8841 | D:9      | 8841 ||| BUYING scroll of teleportation (42 gold).
  8841 | D:9      | Bought a scroll of teleportation for 42 gold pieces
  8841 | D:9      | 8841 ||| BUYING scroll of teleportation (42 gold).
  8841 | D:9      | Bought a scroll of teleportation for 42 gold pieces
  8841 | D:9      | 8841 ||| READING scroll of enchant armour.
  8841 | D:9      | 8841 ||| ENCHANTING +0 helmet.
  8859 | D:9      | Found Guusem's Distillery.
  8869 | D:9      | 8869 ||| BUYING potion of curing (45 gold).
  8869 | D:9      | Bought a potion of curing for 45 gold pieces
  8869 | D:9      | 8869 ||| SHOPLISTING potion of heal wounds (75 gold, have
                  | 43).
  8869 | D:9      | 8869 ||| SHOPLISTING potion of might (60 gold, have 43).
  8915 | D:9      | Noticed a white ugly thing
  8925 | D:9      | Noticed a fire dragon
  8925 | D:9      | Found a staircase to the Lair.
  8928 | D:9      | 8928 ||| INVOKING Berserk.
  8940 | D:9      | Killed a fire dragon
  9135 | D:8      | Found a transporter.
  9140 | D:8      | Noticed qw's ghost (novice TrCA)
  9176 | D:8      | 9176 ||| Stepping ~*~*~tactically~*~*~ (stealth).
  9178 | D:8      | 9178 ||| Stepping ~*~*~tactically~*~*~ (stealth).
  9323 | D:8      | Found a transporter.
  9546 | D:8      | 9546 ||| READING scroll of enchant armour.
  9546 | D:8      | 9546 ||| ENCHANTING +1 helmet.
  9584 | D:8      | Found Ideucofa's Antique Weapon Boutique.
  9598 | D:8      | 9598 ||| Stepping ~*~*~tactically~*~*~ (stealth).
  9599 | D:8      | 9599 ||| Stepping ~*~*~tactically~*~*~ (stealth).
  9658 | D:8      | 9658 ||| Stepping ~*~*~tactically~*~*~ (hiding).
  9802 | D:8      | 9802 ||| INVOKING Berserk.
  9938 | D:8      | Found a shimmering blue altar of Sif Muna.
 10200 | D:8      | 10200 ||| READING 4 scrolls of identify.
 10200 | D:8      | 10200 ||| IDENTIFYING golden potion
 10201 | D:8      | 10201 ||| DROPPING potion of lignification.
 10202 | D:8      | 10202 ||| READING 2 scrolls of teleportation.
 10349 | D:8      | 10349 ||| PLANNING LAIR
 10377 | Lair:1   | Entered Level 1 of the Lair of Beasts
 10381 | Lair:1   | Noticed a cane toad
 10384 | Lair:1   | 10384 ||| INVOKING Berserk.
 10386 | Lair:1   | Killed a cane toad
 10387 | Lair:1   | Reached skill level 11 in Axes
 10607 | Lair:1   | Noticed a death yak
 10608 | Lair:1   | Noticed a death yak
 10609 | Lair:1   | 10609 ||| Stepping ~*~*~tactically~*~*~ (stealth).
 10610 | Lair:1   | Noticed a death yak
 10610 | Lair:1   | Noticed a death yak
 10611 | Lair:1   | 10611 ||| INVOKING Berserk.
 10616 | Lair:1   | Killed a death yak
 10617 | Lair:1   | Reached skill level 9 in Fighting
 10617 | Lair:1   | Reached XP level 11. HP: 71/71 MP: 11/11
 10621 | Lair:1   | Killed a death yak
 10626 | Lair:1   | Killed a death yak
 10627 | Lair:1   | Killed a death yak
 10628 | Lair:1   | Reached skill level 12 in Axes
 10650 | Lair:1   | Reached skill level 6 in Shields
 10661 | Lair:1   | HP: 17/71 [wolf (3)]
 10662 | Lair:1   | 10662 ||| READING scroll of teleportation.
 10663 | Lair:1   | 10663 ||| DRINKING potion of heal wounds.
 10697 | Lair:1   | 10697 ||| INVOKING Berserk.
 10848 | Lair:1   | You fall into a shaft and drop 1 floor!
 10849 | Lair:2   | 10849 ||| PLANNING GAUNTLET
 10850 | Lair:2   | 10850 ||| INVOKING Berserk.
 10864 | Lair:2   | Reached skill level 9 in Armour
 10981 | Lair:2   | Found a gate leading to a gauntlet.
 10989 | Lair:2   | 10989 ||| INVOKING Berserk.
 11133 | Gauntlet | Entered a Gauntlet
 11133 | Gauntlet | Found a transporter.
 11133 | Gauntlet | Found a transporter.
 11135 | Gauntlet | Noticed a moth of wrath
 11137 | Gauntlet | Found a transporter.
 11137 | Gauntlet | Found a transporter.
 11142 | Gauntlet | Noticed a sixfirhy
 11144 | Gauntlet | Noticed a fire crab
 11147 | Gauntlet | Found a transporter.
 11157 | Gauntlet | Found a transporter.
 11157 | Gauntlet | Found a transporter.
 11157 | Gauntlet | Noticed an obsidian statue
 11160 | Gauntlet | Found a transporter.
 11193 | Gauntlet | Found a transporter.
 11200 | Gauntlet | Found a transporter.
 11219 | Gauntlet | Noticed a worldbinder
 11222 | Gauntlet | Found a transporter.
 11266 | Gauntlet | Found a transporter.
 11282 | Gauntlet | Found a transporter.
 11297 | Gauntlet | Found a transporter.
 11398 | Gauntlet | Found a transporter.
 11412 | Gauntlet | Found a transporter.
 11500 | Gauntlet | 11500 ||| INVOKING Berserk.
 11506 | Gauntlet | Killed a worldbinder
 11621 | Gauntlet | Noticed a glowing orange brain
 11621 | Gauntlet | a dream sheep changed into a glowing orange brain
 11639 | Gauntlet | Reached XP level 12. HP: 63/77 MP: 12/12
 11650 | Gauntlet | Reached skill level 13 in Axes
 11657 | Gauntlet | 11657 ||| UPGRADING to amulet of reflection.
 11679 | Gauntlet | 11679 ||| INVOKING Brothers in Arms.
 11687 | Gauntlet | 11687 ||| UPGRADING to +4 ring of protection.
 11694 | Gauntlet | Identified the amulet of Darkness {RegenMP Str+3 Int+4
                  | Slay+3}
 11694 | Gauntlet | Noticed a minotaur
 11698 | Gauntlet | 11698 ||| INVOKING Berserk.
 11711 | Gauntlet | HP: 13/77 [minotaur/+0 great mace (10)]
 11712 | Gauntlet | HP: 6/77 [minotaur/+0 great mace (7)]
 11713 | Gauntlet | Slain by a minotaur

Levels and vault maps discovered:
D:1:      erik_arrival_orb_chamber, layout_loops_corners,
          shapermc_ecumenical_altar_totnotflames, lemuel_flame_loot_1
D:2:      layout_loops_corners, corexii_leaking_fountain, minmay_misc_feat_rows
D:3:      layout_basic, mainiacjoe_overflow_concentric_impassable, uniq_jessica
D:4:      layout_rooms, temple_doors_e, lemuel_another_geyser
D:5:      layout_cave_pods, minmay_checkerbox
D:6:      layout_loops_ring, beargit_hepliaklqana_dungeon_heroes,
          lightli_sewer_entry_pipes, uniq_prince_ribbit1
D:7:      layout_basic, ashenzari_conservatory_becter, enter_ossuary_2,
          kennysheep_small_circle, uniq_joseph
D:8:      layout_layer_cave, mainiacjoe_overflow_brackets,
          gammafunk_ghost_arena, serial_shops, shop_statue,
          hangedman_decor_lopped, corexii_corridor_pit
D:9:      layout_cave_pods, lemuel_doored_altar, minmay_lair_entry_lava,
          orc_0_dummy, serial_shops, nicolae_shop_window_shopping, shop_scrolls,
          shop, shop, minmay_fractal_squares_gapless_7
Lair:1:   layout_cave_pods, serial_bayou_pond_e, grunt_megastairs_3,
          infiniplex_staircase_pool, lemuel_fruit_tree
Lair:2:   layout_chaotic_city, shoals_dummy_entry, gauntlet_entry_generic,
          beast_lair_carwin_5, serial_bayou_shore_a
Gauntlet: gammafunk_gauntlet_branching [gammafunk_gauntlet_arena_spirals,
          gammafunk_gauntlet_arena_arrow_garden,
          gammafunk_gauntlet_arena_crates, nicolae_gauntlet_arena_flowing_pool,
          gammafunk_gauntlet_arena_grid, nicolae_gauntlet_arena_grate_2,
          nicolae_gauntlet_arena_quarters, gammafunk_gauntlet_arena_open,
          gauntlet_exit_green]

Skill      XL: |  1  2  3  4  5  6  7  8  9 10 11 12 |
---------------+-------------------------------------+-----
Axes           | 3 4 5 6 7 8 10 11 12 13 | 13.0
Throwing       | 1 2 |  2.4
Fighting       | 4 5 7 9 10 | 10.1
Armour         | 3 5 6 8 9 |  9.2
Shields        | 3 4 5 6 |  6.0
Dodging        | 2 |  2.0

Action                   |  1- 3 |  4- 6 |  7- 9 | 10-12 || total
-------------------------+-------+-------+-------+-------++-------
Melee: Hand axe          |   131 |    11 |       |       ||   142
       Punch             |     2 |     1 |       |       ||     3
       Broad axe         |       |    47 |   206 |   279 ||   532
Throw: Boomerang         |    30 |    42 |    63 |    46 ||   181
Invok: Berserk           |     1 |     4 |    12 |    11 ||    28
       Brothers in Arms  |       |       |       |     1 ||     1
  Use: Scroll            |     4 |     9 |     5 |    10 ||    28
       Potion            |       |     3 |     1 |     1 ||     5
 Stab: Distracted        |       |       |     1 |       ||     1
Armor: Animal skin       |    39 |       |       |       ||    39
       Leather armour    |    14 |     3 |       |       ||    17
       Chain mail        |       |    17 |     2 |       ||    19
       Plate armour      |       |       |   112 |   285 ||   397
Dodge: Dodged            |    68 |    18 |    53 |   130 ||   269
Block: Buckler           |       |       |    28 |    81 ||   109

Table legend:
 A = Non-vault XP
 B = Vault XP
 C = Vault XP percentage of total XP
 D = Non-vault monster count
 E = Vault monster count
 F = Vault count percentage of total count
                 A         B        C        D         E       F
            +---------+---------+-------+---------+---------+-------
      Total |   14000 |    6188 |  30.7 |     208 |      37 |  15.1
            +---------+---------+-------+---------+---------+-------
        D:1 |      49 |       0 |   0.0 |      25 |       0 |   0.0
        D:2 |      51 |       0 |   0.0 |      20 |       0 |   0.0
        D:3 |     245 |      37 |  13.1 |      19 |       1 |   5.0
        D:4 |     383 |       0 |   0.0 |      19 |       0 |   0.0
        D:5 |     703 |     358 |  33.7 |      16 |       4 |  20.0
        D:6 |    1342 |     625 |  31.8 |      30 |      14 |  31.8
        D:7 |     807 |     674 |  45.5 |      23 |       3 |  11.5
        D:8 |    1769 |       0 |   0.0 |      28 |       0 |   0.0
        D:9 |     115 |     931 |  89.0 |       1 |       1 |  50.0
     Lair:1 |    6851 |     153 |   2.2 |      22 |       1 |   4.3
     Lair:2 |    1685 |     678 |  28.7 |       5 |       5 |  50.0
   Gauntlet |       0 |    2732 | 100.0 |       0 |       8 | 100.0
            +---------+---------+-------+---------+---------+-------
